TOP OF THE 1ST |
Texarkana Bears batting - Pitching for Redwood City Redwoods : RHP Manabu Mizuno
|
Pitching: RHP Manabu Mizuno
|
|
Batting: RHB Steve Garneys
|
0-0: Ball 1-0: Foul Ball, location: 2F 1-1: Ball 2-1: Ball 3-1: Fly out, F6 (Popup, 56D)
|
Batting: RHB Tony Reyes
|
0-0: Called Strike 0-1: Swinging Strike 0-2: Strikes out swinging, 2-3 out at first.
|
Batting: LHB Sam Barnes
|
0-0: Called Strike 0-1: Ball 1-1: SOLO HOME RUN (Flyball, 9D), Distance : 353 ft
|
Batting: RHB Juan Rico
|
0-0: Ball 1-0: Ball 2-0: Foul Ball, location: 2F 2-1: Called Strike 2-2: Ball 3-2: Base on Balls
|
Batting: LHB Tom Mullins
|
0-0: Ball Juan Rico steals 2nd base 1-0: Called Strike 1-1: Ball 2-1: 2-RUN HOME RUN (Flyball, 7D), Distance : 363 ft
|
Batting: RHB Taki Chikafuji
|
0-0: Foul Ball, location: 2F 0-1: Ball 1-1: Swinging Strike 1-2: Strikes out looking
|
Top of the 1st over - 3 run(s), 2 hit(s), 0 error(s), 0 left on base; Texarkana 3 - Redwood City 0 |
BOTTOM OF THE 1ST |
Redwood City Redwoods batting - Pitching for Texarkana Bears : LHP Juan Barrera
|
Pitching: LHP Juan Barrera
|
|
Batting: RHB Robert Downing
|
0-0: Ball 1-0: Ball 2-0: Called Strike 2-1: SINGLE (Groundball, 6D)
|
Batting: RHB Anastasio García
|
0-0: Ball 1-0: Ball 2-0: Called Strike 2-1: Foul Ball, location: 2F 2-2: Strikes out swinging
|
Batting: RHB Bob Campbell
|
0-0: Ball 1-0: Ball 2-0: Ball 3-0: Called Strike 3-1: Foul Ball, location: 2F 3-2: Ground out 5-3 (Groundball, 56S) Robert Downing to second
|
Batting: LHB Arthur Hall
|
0-0: Called Strike 0-1: Swinging Strike 0-2: 2-RUN HOME RUN (Flyball, 9D), Distance : 349 ft
|
Batting: RHB Tokuhei Kobayashi
|
0-0: Foul Ball, location: 2F 0-1: Called Strike 0-2: Strikes out swinging
|
Bottom of the 1st over - 2 run(s), 2 hit(s), 0 error(s), 0 left on base; Texarkana 3 - Redwood City 2 |
TOP OF THE 2ND |
Texarkana Bears batting - Pitching for Redwood City Redwoods : RHP Manabu Mizuno
|
Batting: RHB Arturo Rodríguez
|
0-0: Called Strike 0-1: Ball 1-1: Ball 2-1: Reached on error, E5 (Groundball, 56)
|
Batting: RHB Gilberto López
|
0-0: Ball 1-0: Called Strike 1-1: Foul Ball, location: 2F 1-2: Ground out 6-3 (Groundball, 56)
|
Batting: RHB Michael Barraclough
|
0-0: Ball 1-0: Ball 2-0: Ball 3-0: Called Strike 3-1: Foul Ball, location: 2F 3-2: Strikes out looking
|
Batting: RHB Steve Garneys
|
0-0: Ball 1-0: Ball 2-0: Called Strike 2-1: Foul Ball, location: 2F 2-2: Ball 3-2: Base on Balls
|
Batting: RHB Tony Reyes
|
0-0: Ball 1-0: Foul Ball, location: 2F 1-1: Ball 2-1: Swinging Strike 2-2: Strikes out swinging
|
Top of the 2nd over - 0 run(s), 0 hit(s), 1 error(s), 2 left on base; Texarkana 3 - Redwood City 2 |
BOTTOM OF THE 2ND |
Redwood City Redwoods batting - Pitching for Texarkana Bears : LHP Juan Barrera
|
Batting: LHB Patrick Bright
|
0-0: Ball 1-0: Foul Ball, location: 2F 1-1: SINGLE (Groundball, 34D)
|
Batting: LHB Pedro Rodríguez
|
0-0: Foul Ball, location: 2F 0-1: Called Strike 0-2: Ball 1-2: SINGLE (Line Drive, 6D) Patrick Bright to second
|
Batting: LHB Dave Lee
|
0-0: Foul Ball, location: 2F 0-1: Ground out 4-3 (Groundball, 34D) Patrick Bright to third Pedro Rodríguez to second
|
Batting: RHB Keitaro Suzuki
|
0-0: Foul Ball, location: 2F 0-1: Foul Ball, location: 2F 0-2: Ball 1-2: Ball 2-2: Fly out, F9 (Flyball, 9LM) Runner from 3rd tags up, SCORES, throw made
|
Batting: RHB Robert Downing
|
0-0: Ball 1-0: Ball 2-0: Ball 3-0: Base on Balls
|
Batting: RHB Anastasio García
|
0-0: Foul Ball, location: 2F 0-1: Ground out 5-3 (Groundball, 56)
|
Bottom of the 2nd over - 1 run(s), 2 hit(s), 0 error(s), 2 left on base; Texarkana 3 - Redwood City 3 |
TOP OF THE 3RD |
Texarkana Bears batting - Pitching for Redwood City Redwoods : RHP Manabu Mizuno
|
Batting: LHB Sam Barnes
|
0-0: Called Strike 0-1: Called Strike 0-2: Foul Ball, location: 2F 0-2: DOUBLE (Flyball, 89XD)
|
Batting: RHB Juan Rico
|
0-0: Fly out, F7 (Flyball, 7D) Runner from 2nd tags up, SAFE at 3rd, no throw
|
Batting: LHB Tom Mullins
|
0-0: Called Strike 0-1: Ball 1-1: Ground out 3-1 (Groundball, 34S) Sam Barnes scores
|
Batting: RHB Taki Chikafuji
|
0-0: Ball 1-0: Fly out, F8 (Flyball, 8RS)
|
Top of the 3rd over - 1 run(s), 1 hit(s), 0 error(s), 0 left on base; Texarkana 4 - Redwood City 3 |
BOTTOM OF THE 3RD |
Redwood City Redwoods batting - Pitching for Texarkana Bears : LHP Juan Barrera
|
Batting: RHB Bob Campbell
|
0-0: Called Strike 0-1: Called Strike 0-2: Ball 1-2: Strikes out swinging
|
Batting: LHB Arthur Hall
|
0-0: Ball 1-0: Ball 2-0: Swinging Strike 2-1: Called Strike 2-2: Ball 3-2: DOUBLE (Flyball, 89XD)
|
Batting: RHB Tokuhei Kobayashi
|
0-0: Foul Ball, location: 2F 0-1: SINGLE (Groundball, 56D) Arthur Hall to third
|
Batting: LHB Patrick Bright
|
0-0: Swinging Strike 0-1: Ball 1-1: Ball 2-1: 3-RUN HOME RUN (Flyball, 9LD), Distance : 312 ft
|
Batting: LHB Pedro Rodríguez
|
0-0: Ball 1-0: Ball 2-0: Foul Ball, location: 2F 2-1: Called Strike 2-2: Strikes out swinging
|
Batting: LHB Dave Lee
|
0-0: Called Strike 0-1: Ball 1-1: Foul Ball, location: 2F 1-2: Ground out 4-3 (Groundball, 4)
|
Bottom of the 3rd over - 3 run(s), 3 hit(s), 0 error(s), 0 left on base; Texarkana 4 - Redwood City 6 |
TOP OF THE 4TH |
Texarkana Bears batting - Pitching for Redwood City Redwoods : RHP Manabu Mizuno
|
Batting: RHB Arturo Rodríguez
|
0-0: Hit by Pitch
|
Batting: RHB Gilberto López
|
0-0: Swinging Strike 0-1: Ball 1-1: Ball 2-1: Foul Ball, location: 2F 2-2: Ball 3-2: 2-RUN HOME RUN (Flyball, 9D), Distance : 346 ft
|
Pitching: RHP José Córdova
|
|
Batting: RHB Michael Barraclough
|
0-0: Foul Ball, location: 2F 0-1: Foul Ball, location: 2F 0-2: Ball 1-2: Foul Ball, location: 2F 1-2: Ground out 6-3 (Groundball, 6S)
|
Batting: RHB Steve Garneys
|
0-0: Swinging Strike 0-1: Called Strike 0-2: Strikes out swinging
|
Batting: RHB Tony Reyes
|
0-0: Fly out, F9 (Flyball, 9)
|
Top of the 4th over - 2 run(s), 1 hit(s), 0 error(s), 0 left on base; Texarkana 6 - Redwood City 6 |
BOTTOM OF THE 4TH |
Redwood City Redwoods batting - Pitching for Texarkana Bears : LHP Juan Barrera
|
Batting: RHB Keitaro Suzuki
|
0-0: Ball 1-0: Called Strike 1-1: Foul Ball, location: 2F 1-2: SINGLE (Groundball, 34D) (infield hit)
|
Pitching: RHP Ralph Willaims
|
|
Batting: RHB Robert Downing
|
0-0: Ball 1-0: Called Strike 1-1: Ball 2-1: Called Strike 2-2: Strikes out swinging
|
Batting: RHB Anastasio García
|
0-0: Ball 1-0: Called Strike 1-1: Ball 2-1: Called Strike 2-2: Foul Ball, location: 2F 2-2: Ball 3-2: Foul Ball, location: 2F 3-2: Grounds into double play, 6-4-3 (Groundball, 6)
|
Bottom of the 4th over - 0 run(s), 1 hit(s), 0 error(s), 0 left on base; Texarkana 6 - Redwood City 6 |
TOP OF THE 5TH |
Texarkana Bears batting - Pitching for Redwood City Redwoods : RHP José Córdova
|
Batting: LHB Sam Barnes
|
0-0: Ball 1-0: Ball 2-0: Ground out 1-3 (Groundball, 13)
|
Batting: RHB Juan Rico
|
0-0: Swinging Strike 0-1: Swinging Strike 0-2: Ball 1-2: Strikes out swinging
|
Batting: LHB Tom Mullins
|
0-0: Ball 1-0: Swinging Strike 1-1: Foul Ball, location: 2F 1-2: Fly out, F1 (Popup, 15)
|
Top of the 5th over - 0 run(s), 0 hit(s), 0 error(s), 0 left on base; Texarkana 6 - Redwood City 6 |
BOTTOM OF THE 5TH |
Redwood City Redwoods batting - Pitching for Texarkana Bears : RHP Ralph Willaims
|
Batting: RHB Bob Campbell
|
0-0: Swinging Strike 0-1: Foul Ball, location: 2F 0-2: Strikes out swinging
|
Batting: LHB Arthur Hall
|
0-0: Ball 1-0: Swinging Strike 1-1: SINGLE (Groundball, 5D)
|
Batting: RHB Tokuhei Kobayashi
|
0-0: Ball Arthur Hall steals 2nd base 1-0: Ground out 6-3 (Groundball, 56)
|
Batting: LHB Patrick Bright
|
0-0: Swinging Strike 0-1: Ground out 6-3 (Groundball, 4MS)
|
Bottom of the 5th over - 0 run(s), 1 hit(s), 0 error(s), 1 left on base; Texarkana 6 - Redwood City 6 |
TOP OF THE 6TH |
Texarkana Bears batting - Pitching for Redwood City Redwoods : RHP José Córdova
|
Batting: RHB Taki Chikafuji
|
0-0: Ball 1-0: SINGLE (Groundball, 5D)
|
Batting: RHB Arturo Rodríguez
|
0-0: Called Strike 0-1: Ball 1-1: Foul Ball, location: 2F 1-2: Foul Ball, location: 2F 1-2: Strikes out swinging
|
Batting: RHB Gilberto López
|
0-0: Called Strike 0-1: Called Strike 0-2: Ball 1-2: Ball 2-2: Foul Ball, location: 2F 2-2: Reached on error, E5 (Groundball, 56) Taki Chikafuji to second
|
Batting: RHB Michael Barraclough
|
0-0: Called Strike 0-1: Ball 1-1: SINGLE (Groundball, 56) (infield hit) Taki Chikafuji to third Gilberto López to second
|
Batting: RHB Steve Garneys
|
0-0: Ball 1-0: Ball 2-0: SINGLE (Groundball, 34D) Taki Chikafuji scores Gilberto López to third Michael Barraclough to second Runner from 3rd tries for Home, SAFE, no throw
|
Batting: RHB Tony Reyes
|
0-0: Called Strike 0-1: Foul Ball, location: 2F 0-2: Ball 1-2: Ball 2-2: Ball 3-2: Foul Ball, location: 2F 3-2: Base on Balls Michael Barraclough to third Steve Garneys to second
|
Batting: LHB Sam Barnes
|
0-0: Fly out, F8 (Flyball, 8RM) Runner from 3rd tags up, SCORES, no throw
|
Pitching: RHP Johnny Bryant
|
|
Batting: RHB Juan Rico
|
0-0: 3-RUN HOME RUN (Flyball, 78XD), Distance : 414 ft
|
Batting: LHB Tom Mullins
|
0-0: Foul Ball, location: 2F 0-1: Foul Ball, location: 2F 0-2: Strikes out looking
|
Top of the 6th over - 6 run(s), 4 hit(s), 1 error(s), 0 left on base; Texarkana 12 - Redwood City 6 |
BOTTOM OF THE 6TH |
Redwood City Redwoods batting - Pitching for Texarkana Bears : RHP Ralph Willaims
|
Batting: LHB Pedro Rodríguez
|
0-0: Ball 1-0: Ground out 4-3 (Groundball, 4)
|
Batting: LHB Dave Lee
|
0-0: Called Strike 0-1: Ball 1-1: Fly out, F6 (Popup, 5D)
|
Batting: RHB Keitaro Suzuki
|
0-0: Ball 1-0: Ball 2-0: Ground out U3 (Groundball, 34)
|
Bottom of the 6th over - 0 run(s), 0 hit(s), 0 error(s), 0 left on base; Texarkana 12 - Redwood City 6 |
TOP OF THE 7TH |
Texarkana Bears batting - Pitching for Redwood City Redwoods : RHP Johnny Bryant
|
Batting: RHB Taki Chikafuji
|
0-0: Called Strike 0-1: Swinging Strike 0-2: Strikes out swinging
|
Batting: RHB Arturo Rodríguez
|
0-0: Called Strike 0-1: Swinging Strike 0-2: Ball 1-2: Strikes out looking
|
Batting: RHB Gilberto López
|
0-0: Ball 1-0: Ball 2-0: Ground out 5-3 (Groundball, 5L)
|
Top of the 7th over - 0 run(s), 0 hit(s), 0 error(s), 0 left on base; Texarkana 12 - Redwood City 6 |
BOTTOM OF THE 7TH |
Redwood City Redwoods batting - Pitching for Texarkana Bears : RHP Ralph Willaims
|
Batting: RHB Robert Downing
|
0-0: Swinging Strike 0-1: Called Strike 0-2: Ball 1-2: Foul Ball, location: 2F 1-2: SINGLE (Groundball, 56D)
|
Batting: RHB Anastasio García
|
0-0: Ball Robert Downing steals 2nd base 1-0: Called Strike 1-1: Fly out, F9 (Flyball, 89D) Runner from 2nd tags up, SAFE at 3rd, no throw
|
Batting: RHB Bob Campbell
|
0-0: Foul Ball, location: 2F 0-1: Swinging Strike 0-2: Ball 1-2: Ball 2-2: Ball 3-2: Ground out 5-3 (Groundball, 56) Robert Downing scores
|
Batting: LHB Arthur Hall
|
0-0: DOUBLE (Line Drive, 9D)
|
Batting: RHB Tokuhei Kobayashi
|
0-0: Fly out, F8 (Flyball, 78XD)
|
Bottom of the 7th over - 1 run(s), 2 hit(s), 0 error(s), 1 left on base; Texarkana 12 - Redwood City 7 |
TOP OF THE 8TH |
Texarkana Bears batting - Pitching for Redwood City Redwoods : RHP Johnny Bryant
|
Batting: RHB Michael Barraclough
|
0-0: Called Strike 0-1: Ground out 6-3 (Groundball, 6)
|
Batting: RHB Steve Garneys
|
0-0: Foul Ball, location: 2F 0-1: Ball 1-1: Ball 2-1: Foul Ball, location: 2F 2-2: Ground out 5-3 (Groundball, 5)
|
Batting: RHB Tony Reyes
|
0-0: Ball 1-0: Foul Ball, location: 2F 1-1: Ball 2-1: Called Strike 2-2: Ground out 6-3 (Groundball, 6)
|
Top of the 8th over - 0 run(s), 0 hit(s), 0 error(s), 0 left on base; Texarkana 12 - Redwood City 7 |
BOTTOM OF THE 8TH |
Redwood City Redwoods batting - Pitching for Texarkana Bears : RHP Ralph Willaims
|
Batting: LHB Patrick Bright
|
0-0: Called Strike 0-1: Foul Ball, location: 2F 0-2: Ball 1-2: Foul Ball, location: 2F 1-2: Foul Ball, location: 2F 1-2: SOLO HOME RUN (Flyball, 9D), Distance : 347 ft
|
Pitching: RHP Vaughan Gillespie
|
|
Batting: LHB Pedro Rodríguez
|
0-0: Called Strike 0-1: Called Strike 0-2: Foul Ball, location: 2F 0-2: Ball 1-2: SINGLE (Flyball, 7S)
|
Batting: LHB Dave Lee
|
0-0: SINGLE (Line Drive, 7S) Pedro Rodríguez to second
|
Pitching: RHP Jesús Sosa
|
|
Batting: RHB Keitaro Suzuki
|
0-0: Ball 1-0: Ball 2-0: Foul Ball, location: 2F 2-1: Ball 3-1: SINGLE (Line Drive, 5D) Pedro Rodríguez to third Dave Lee to second Runner from 3rd tries for Home, SAFE, no throw
|
Batting: RHB Robert Downing
|
0-0: Called Strike 0-1: Swinging Strike 0-2: Ball 1-2: Strikes out swinging
|
Batting: RHB Anastasio García
|
0-0: Ball 1-0: Ball 2-0: Ball 3-0: Called Strike 3-1: Foul Ball, location: 2F 3-2: Strikes out swinging
|
Batting: RHB Bob Campbell
|
0-0: Ball 1-0: Ball 2-0: Swinging Strike 2-1: Ball 3-1: Base on Balls Dave Lee to third Keitaro Suzuki to second
|
Pitching: RHP Kosami Tagawa
|
|
Batting: LHB Arthur Hall
|
0-0: Called Strike 0-1: Foul Ball, location: 2F 0-2: DOUBLE (Flyball, 7D) Dave Lee scores Keitaro Suzuki scores Bob Campbell to third Runner from 3rd tries for Home, SAFE, no throw
|
Batting: RHB Tokuhei Kobayashi
|
0-0: Foul Ball, location: 2F 0-1: DOUBLE (Groundball, 5L) Arthur Hall scores
|
Batting: LHB Patrick Bright
|
0-0: SINGLE (Groundball, 34D) (infield hit) Tokuhei Kobayashi to third
|
Batting: LHB Pedro Rodríguez
|
0-0: Ball 1-0: Called Strike 1-1: Ball 2-1: SINGLE (Flyball, 78M) Tokuhei Kobayashi scores Patrick Bright to second
|
Pitching: RHP Asher Zasko
|
|
Pinch Hitting: LHB Vicente Chávez
|
0-0: Foul Ball, location: 2F 0-1: Ball 1-1: Ball 2-1: Ground out U3 (Groundball, 34S)
|
Bottom of the 8th over - 7 run(s), 8 hit(s), 0 error(s), 2 left on base; Texarkana 12 - Redwood City 14 |
TOP OF THE 9TH |
Texarkana Bears batting - Pitching for Redwood City Redwoods : RHP Johnny Bryant
|
Pitching: RHP Gil Paling
|
|
Now at 1B: Vicente Chávez
|
|
Batting: LHB Sam Barnes
|
0-0: Ball 1-0: Ball 2-0: Swinging Strike 2-1: Ball 3-1: Swinging Strike 3-2: Base on Balls
|
Pinch Hitting: LHB Kent MacDulothe
|
0-0: Ground out 4-3 (Groundball, 34) Sam Barnes to second
|
Batting: LHB Tom Mullins
|
0-0: Ground out 6-3 (Groundball, 6)
|
Batting: RHB Taki Chikafuji
|
0-0: Ball 1-0: Ball 2-0: Ground out 1-3 (Groundball, P)
|
Top of the 9th over - 0 run(s), 0 hit(s), 0 error(s), 1 left on base; Texarkana 12 - Redwood City 14 |
|